 Dungeon Crawl Stone Soup version 0.31.0-11-ge490571c62 (webtiles) character file.

Game seed: 17734299219842986825

309 Minsecho the Apothecary (level 6, -4/38 HPs)
             Began as an Octopode Alchemist on Feb 8, 2024.
             Constricted to death by Ijyb (5 damage)
             ... on level 4 of the Dungeon.
             The game lasted 00:08:21 (3491 turns).

Minsecho the Apothecary (Octopode Alchemist)        Turns: 3491, Time: 00:08:21

Health: -4/38      AC:  1    Str: 10    XL:     6   Next: 41%
Magic:  10/10      EV: 10    Int: 17    God:
Gold:   245        SH:  0    Dex: 12    Spells: 2/10 levels left

rFire   . . .        f - +2 hand axe (vamp)
rCold   + . .        (no shield)
rNeg    . . .        (helmet currently unavailable)
rPois   .            c - amulet of magic regeneration
rElec   .            b - ring of protection from cold
rCorr   .            (no ring)
SInv    .            (no ring)
Will    .....        (no ring)
Stlth   +++          (no ring)
HPRegen 0.26/turn    (no ring)
MPRegen 0.52/turn    (no ring)
                     (no ring)

%: no passive effects
@: beast-form, grasped by roots, constricted
A: beast (slay +0), almost no armour, amphibious, 8 rings, camouflage 1,
gelatinous body 1, (nimble swimmer 1), tentacles
a: Begin Untransformation


You were on level 4 of the Dungeon.
You were a hulking beast.
You visited 1 branch of the dungeon, and saw 4 of its levels.

You collected 245 gold pieces.

Inventory:

Hand Weapons
 f - a +2 vampiric hand axe (weapon)
 q - a +0 short sword of holy wrath
Jewellery
 b - a ring of protection from cold (left tentacle)
 c - an amulet of magic regeneration (around mantle)
 o - an amulet of guardian spirit
Talismans
 k - a beast talisman (active)
Wands
 h - a wand of polymorph (12)
Scrolls
 d - a scroll of fear {unknown}
 e - 2 scrolls of teleportation {unknown}
 i - a scroll of brand weapon {unknown}
 j - a scroll of fog {unknown}
 m - a scroll of identify {unknown}
 n - a scroll of revelation {unknown}
 p - 2 scrolls of immolation {unknown}
 r - a scroll of amnesia {unknown}
 s - a scroll of vulnerability {unknown}
Potions
 a - 2 potions of magic
 g - a potion of degeneration {unknown}
 l - a potion of curing {unknown}


   Skills:
 + Level 1.0 Fighting
 + Level 1.6 Axes
 + Level 2.4 Dodging
 + Level 3.6 Stealth
 * Level 2.1 Unarmed Combat
 + Level 2.6 Spellcasting
 + Level 1.5 Conjurations
 * Level 0.2 Hexes
 * Level 1.4 Ice Magic
 * Level 4.7 Alchemy
 * Level 1.0 Shapeshifting


You had 2 spell levels left.
You knew the following spells:

 Your Spells              Type           Power      Damage    Failure   Level
a - Sting                 Conj/Alch      48%        1d6       4%          1
c - Mephitic Cloud        Conj/Alch/Air  9%         N/A       22%         3
d - Mercury Vapours       Alch/Air       20%        N/A       11%         2
e - Ensorcelled Hibernat  Hex/Ice        10%        N/A       19%         2

Your spell library contained the following spells:

 Spells                   Type           Power      Damage    Failure   Level
 Apportation              Tloc           4%         N/A       19%         1
 Necrotise                Necr           8%         1d4       19%         1
 Summon Small Mammal      Summ           8%         N/A       19%         1
 Lesser Beckoning         Tloc           4%         N/A       28%         2
 Olgreb's Toxic Radiance  Alch           18%        N/A       26%         4
 Hailstorm                Conj/Ice       7%         3d5       28%         3
 Frozen Ramparts          Ice            14%        1d3       30%         3
 Summon Ice Beast         Ice/Summ       4%         N/A       38%         3
 Gell's Gravitas          Tloc           2%         N/A       50%         3
 Passwall                 Erth           2%         N/A       50%         3
 Swiftness                Air            2%         N/A       50%         3
 Teleport Other           Tloc           2%         N/A       50%         3
 Leda's Liquefaction      Alch/Erth      5%         N/A       56%         4
 Petrify                  Alch/Erth      10%        N/A       56%         4
 Sticky Flame             Fire/Alch      10%        2d5       56%         4
 Metabolic Englaciation   Hex/Ice        2%         N/A       98%         5
 Sculpt Simulacrum        Ice/Alch       6%         N/A       100%        6


Dungeon Overview and Level Annotations

Branches:
Dungeon (4/15)
 Temple: D:4-7

Altars:
Cheibriados
Elyvilon
Nemelex Xobeh
Ru
Wu Jian
Xom

Annotations:
D:4 Ijyb


Innate Abilities, Weirdness & Mutations

You are a hulking beast.
Your limbs bulge with bestial killing power. (Slay +0)
You cannot wear most types of armour.
You are amphibious.
You can wear up to eight rings at the same time.
Your skin changes colour to match your surroundings (Stealth+).
Your rubbery body absorbs attacks. (AC +1, EV +1)
((You are camouflaged when in or above water. (Stealth+)))
You have tentacles for arms and can constrict up to eight enemies at once.


Message History

The iguana bites you!
Ijyb grins evilly.
The iguana closely misses you.
You hit the iguana. You grab the iguana.
The iguana is almost dead.
You constrict the iguana, but do no damage.
The iguana barely misses you.
Aiming: Sting (safe; 4% risk of failure)
Press: ? - help, Q - select action, (/) - cycle Shift-Dir - straight line, p - iguana The sting hits Ijyb but does no damage.
Ijyb is poisoned.
You constrict the iguana, but do no damage.
You kill the iguana!
Unknown command.
You hit Ijyb.
You feel better.
Your grab misses Ijyb.
Ijyb is moderately wounded.
Ijyb zaps a wand.
The roots erupt in riotous growth!
The grasping roots grab you!
Ijyb is unaffected.
The grasping roots constrict you!
Unknown command.
Aiming: Sting (safe; 4% risk of failure)
Press: ? - help, Q - select action, (/) - cycle Shift-Dir - straight line The sting hits Ijyb but does no damage.
Ijyb looks even sicker.
Ijyb is moderately wounded.
Ijyb completely misses you. The grasping roots constrict you.
Unknown command.
Unknown command.
You barely miss Ijyb. You grab Ijyb.
Ijyb is moderately wounded.
You constrict Ijyb, but do no damage. Ijyb completely misses you.
The grasping roots constrict you.
You hit Ijyb but do no damage. You squeeze Ijyb.
Ijyb is heavily wounded.
You constrict Ijyb, but do no damage. Ijyb hits you with a +0 dagger.
* * * LOW HITPOINT WARNING * * *
The grasping roots constrict you.
* * * LOW HITPOINT WARNING * * *
Ijyb hits you with a +0 dagger.
* * * LOW HITPOINT WARNING * * *
The grasping roots constrict you.
You die...

...#_....###.....#
...###..###'.....#
...##.....##.....# #
...###..####.....# .#
#####....###.....# .#
...##8_#.##......#..##
...########......#...+
..## #.........'...#
..# ..........gh# ..#
............# ###
............#
..?.........#
###.........#
#.........#
+....###### ... ..


You could see Ijyb (very poisoned).

Vanquished Creatures
  Crazy Yiuf (D:3)
  A hound (D:4)
  An orc priest (D:3)
  Terence (D:2)
  An iguana (D:4)
  Robin (D:3)
  3 adders
  4 gnolls (D:3)
  4 ribbon worms
  A dart slug (D:1)
  4 orcs (D:3)
  5 endoplasms
  4 giant cockroaches
  11 goblins
  10 hobgoblins
  2 quokkas
  11 ball pythons
  10 bats
  3 frilled lizards
  5 kobolds
  4 rats
87 creatures vanquished.

Notes
Turn   | Place    | Note
-------+----------+-------------------------------------------
     0 | D:1      | Minsecho the Octopode Alchemist began the quest for the
                  | Orb.
     0 | D:1      | Reached XP level 1. HP: 11/11 MP: 3/3
   189 | D:1      | Reached XP level 2. HP: 10/17 MP: 1/5
   609 | D:1      | Reached XP level 3. HP: 21/21 MP: 6/6
   620 | D:1      | Reached skill level 4 in Alchemy
  1039 | D:2      | Noticed Terence
  1096 | D:2      | Killed Terence
  1110 | D:2      | Reached XP level 4. HP: 11/27 MP: 7/7
  1826 | D:3      | Found a runed translucent door.
  1827 | D:3      | Noticed Crazy Yiuf
  1941 | D:3      | Reached skill level 1 in Axes
  2019 | D:3      | Reached XP level 5. HP: 22/32 MP: 8/8
  2390 | D:2      | Learned a level 2 spell: Ensorcelled Hibernation
  2645 | D:3      | Noticed Robin
  2652 | D:3      | Killed Robin
  2653 | D:3      | Reached skill level 1 in Unarmed Combat
  2672 | D:2      | Learned a level 2 spell: Mercury Vapours
  2676 | D:2      | Learned a level 3 spell: Mephitic Cloud
  2762 | D:3      | Reached skill level 1 in Ice Magic
  2837 | D:3      | Found a shimmering altar of Xom.
  2862 | D:3      | Found a white marble altar of Elyvilon.
  2912 | D:3      | Found a shimmering altar of Xom.
  2912 | D:3      | Found a shimmering altar of Xom.
  2912 | D:3      | Found a shimmering altar of Xom.
  2913 | D:3      | Found a shimmering altar of Xom.
  2962 | D:3      | Reached XP level 6. HP: 37/37 MP: 9/9
  3144 | D:3      | Found a snail-covered altar of Cheibriados.
  3280 | D:3      | Killed Crazy Yiuf
  3314 | D:4      | Reached skill level 1 in Fighting
  3314 | D:4      | Reached skill level 1 in Shapeshifting
  3372 | D:4      | Found an ornate altar of the Wu Jian Council.
  3375 | D:4      | Found a sacrificial altar of Ru.
  3376 | D:4      | Found a sparkling altar of Nemelex Xobeh.
  3466 | D:4      | Noticed Ijyb
  3491 | D:4      | HP: 1/38 [Ijyb/+0 dagger (6)]
  3491 | D:4      | Constricted to death by Ijyb

Illustrated notes

Levels and vault maps discovered:
D:1:      giann_bridges, layout_basic, lemuel_flame_loot_1
D:2:      minmay_spotlight, layout_basic, chequers_hall_statues_y, uniq_terence
D:3:      layout_basic, mainiacjoe_overflow_chevrons,
          lemuel_coloured_pillars_altar, xom_redecorated,
          uniq_crazy_yiuf_cottage, uniq_robin
D:4:      layout_gridville, minitemple, uniq_ijyb

Skill      XL: |  1  2  3  4  5  6 |
---------------+-------------------+-----
Alchemy        | 4 |  4.7
Stealth        | 3 |  3.6
Axes           | 1 |  1.6
Unarmed Combat | 1 2 |  2.1
Ice Magic      | 1 |  1.4
Fighting       | 1 |  1.0
Shapeshifting  | 1 |  1.0
Dodging        | |  2.4
Spellcasting   | |  2.6
Conjurations   | |  1.5
Hexes          | |  0.2

Action                     |  1- 3 |  4- 6 || total
---------------------------+-------+-------++-------
  Melee: Unarmed           |    13 |       ||    13
         Tentacles         |     9 |    14 ||    23
         Constrict         |     9 |    25 ||    34
         Hand axe          |    21 |    77 ||    98
   Cast: Sting             |    30 |    42 ||    72
         Ensorcelled Hiber |       |     2 ||     2
   Stab: Sleeping          |     2 |    12 ||    14
 Armour: Skin              |    24 |    27 ||    51
  Dodge: Dodged            |    32 |    56 ||    88
   Form: Beast             |       |     1 ||     1
